[Event "Late-Titled-Tuesday-Blitz-October-10-2023"]
[Site "Chess.com"]
[Date "2023.10.10"]
[Round "10"]
[White "NovikovaGalina"]
[Black "Mikhail_Golubev"]
[Result "1-0"]
[WhiteElo "2449"]
[BlackElo "2574"]
[TimeControl "180+1"]
[EndTime "15:51:30 PDT"]
[Termination "NovikovaGalina won on time"]

1. e4 d6 2. d4 Nf6 3. Nc3 Nbd7 4.
f3 e5 5. Be3 Be7 6. Qd2 O-O 7.
O-O-O c6 8. g4 b5 9. h4 b4 10.
Nce2 Qa5 11. Kb1 Ba6 12. Nc1 Bxf1 13. Rxf1 exd4 14. Bxd4 Qb5 15. Nge2 c5 16. Bxf6 Bxf6 17. g5 Be7 18. Nf4 Nb6 19. Nd5 Nxd5 20. Qxd5 Rab8 21.
f4 c4 22. Qxb5 Rxb5 23. Ne2 Rfb8 24. Nd4 Rc5 25. Nf5 Bf8 26. Rd1 Rb6 27. h5 g6 28.
hxg6 fxg6 29. Ne3 b3 30. Nd5 bxa2+ 31. Kxa2 Rb7 32. Nf6+ Kh8 33. Rd5 Rxd5 34. Nxd5 Bg7 35. c3 Kg8 36. Rd1 Rb8 37. Nb4 Re8 38. Rxd6 Rxe4 39.
Rd8+ Kf7 40. Rd7+ Re7 41. Rd2 Ke6 42. Re2+ Kd7 43. Rd2+ Kc8 44. Nc6 Rf7 45. Ka3 Rxf4 46. Nxa7+ Kc7 47. Nb5+ Kc6 48. Kb4 Bf8+ 49. Ka5 Rg4 50.
Nd4+ Kb7 51. Kb5 Rxg5+ 52. Kxc4 h5 53. Ne6 Rg4+ 54. Kd5 Bh6 55. Rf2 h4 56. Rf7+ Kb8 57. Rh7 1-0

[Event "Late-Titled-Tuesday-Blitz-October-10-2023"]
[Site "Chess.com"]
[Date "2023.10.10"]
[Round "10"]
[White "Kostukov_Alex"]
[Black "rdarruda"]
[Result "1-0"]
[WhiteElo "2396"]
[BlackElo "2483"]
[TimeControl "180+1"]
[EndTime "15:51:34 PDT"]
[Termination "Kostukov_Alex won on time"]

1. g3 d5 2. Bg2 Nf6 3. d3 c6 4.
e4 dxe4 5. dxe4 Qxd1+ 6. Kxd1 e5 7. f3 Be6 8. Be3 Na6 9. Nd2 Bc5 10. Bxc5 Nxc5 11. Bh3 Na4 12. Kc1 O-O-O 13. Bxe6+ fxe6 14. Nc4 Rhf8 15. Nh3 h6 16. Nxe5 Nd7 17. Nxd7 Rxd7 18.
b3 Nc5 19. Nf4 g5 20. Ng6 Rfd8 21. Ne5 Rd2 22. Nf7 R8d4 23. Kb2 Rf2 24. Ne5 Rdd2 25. Rac1 Rxh2 26. Rxh2 Rxh2 27. Rd1 h5 28. b4 Na4+ 29. Kb3 Nb6 30. c4 Rg2 31. c5 Na8 32. Rh1 Rxg3 33. Rxh5 b6 34. Rh8+ Kb7 35. Rh7+ Nc7 36. cxb6 axb6 37.
Kc4 Rg2 38. a4 Rc2+ 39. Kb3 Rf2 40. Rg7 Rg2 41. Kc4 Rc2+ 42. Kd3 Ra2 43. Rxg5 Rxa4 44. Kc3 Ra3+ 45. Kd2 Nb5 46. Rg7+ Ka6 47. f4 Nd4 48.
Nc4 Rf3 49. Rd7 Nb5 50. Ke2 Rxf4 51. Ke3 Rf1 52. Re7 Re1+ 53. Kf4 Nd4 54. Ke5 Nf3+ 55. Kd6 Rxe4 56. Kxc6 Rxc4+ 57. Kd6 Rxb4 58. Rxe6 Ka5 59. Re8 Rb3 60. Kc6 b5 61. Re2 Ka4 62. Kd5 1-0

[Event "Late-Titled-Tuesday-Blitz-October-10-2023"]
[Site "Chess.com"]
[Date "2023.10.10"]
[Round "10"]
[White "bettercallcafu"]
[Black "ContrVersia"]
[Result "0-1"]
[WhiteElo "2656"]
[BlackElo "2880"]
[TimeControl "180+1"]
[EndTime "15:51:47 PDT"]
[Termination "ContrVersia won by resignation"]

1. d4 Nf6 2. Nc3 d5 3. Bf4 c5 4. e4 Nxe4 5. Nxe4 dxe4 6. dxc5 Qa5+ 7. c3 Qxc5 8. Qa4+ Nc6 9. Qxe4 Bf5 10. Qe3 e5 11. Qxc5 Bxc5 12. Bg3 f6 13. Nf3 O-O-O 14. Bb5 Rd6 15. O-O Rhd8 16. a4 a6 17. Be2 g5 18.
b4 Ba7 19. Rfd1 Bc2 20. Rxd6 Rxd6 21. h4 h6 22. Ne1 Bb3 23. Bg4+ Kc7 24. Nf3 Rd3 25.
b5 Na5 26. hxg5 hxg5 27. Re1 axb5 28. axb5 Bc5 29. Bf5 Rxc3 30. Rxe5 Kb6 31. Re1 Kxb5 32. Rb1 Ka4 33. Nd2 Bd5 34. Be4 Rxg3 35. Bxd5 Rd3 36.
Ne4 b6 37. Nxf6 b5 38. Be4 Rd2 39. Nd5 Bxf2+ 40. Kh2 Bd4 41. Kg3 Nc4 42. Rb4+ Ka5 43. Rb1 Nd6 44. Bf3 Nf5+ 45. Kg4 Ne3+ 46. Nxe3 Bxe3 47.
Kf5 b4 48. Be4 Rd4 49. Ra1+ Kb5 50. Ke5 Rd8 51. Rb1 Bf4+ 52. Kf5 Kc4 53. Kg4 b3 54. Bf5 Kc3 55. g3 Bd2 56. Be6 Rd4+ 57. Kf5 b2 58. g4 Bc1 59. Kf6 Rd6 60. Ke5 Rxe6+ 61. Kxe6 Kc2 62.
Rxb2+ Kxb2 63. Kf5 Kc3 64. Ke4 Kc4 0-1

[Event "Late-Titled-Tuesday-Blitz-October-10-2023"]
[Site "Chess.com"]
[Date "2023.10.10"]
[Round "10"]
[White "Mikhal867"]
[Black "rickywsb"]
[Result "0-1"]
[WhiteElo "2452"]
[BlackElo "2380"]
[TimeControl "180+1"]
[EndTime "15:51:47 PDT"]
[Termination "rickywsb won by checkmate"]

1. d4 d5 2. c4 c6 3. Nf3 Nf6 4. Nc3 e6 5. g3 Nbd7 6. Bg2 dxc4 7. O-O b5 8. Ng5 Nd5 9. e4 Nxc3 10. bxc3 Be7 11.
Qh5 Bxg5 12. Bxg5 Qa5 13. Rfc1 Bb7 14. e5 Qc7 15. Qh4 O-O 16. Be7 Rfe8 17. Bd6 Qd8 18. Qh5 Qb6 19. Be4 g6 20. Qh6 c5 21. Re1 cxd4 22. cxd4 f5 23. exf6 Nxf6 24. Bxb7 Qxb7 25. Be5 Ng4 26. Qh4 Qf3 27. Rf1 Nxe5 28. dxe5 Rad8 29.
a4 c3 30. axb5 Rd7 31. Qc4 Rf7 32. Ra3 Qd5 33. Qxd5 exd5 34. Rxc3 Rxe5 35. f4 Re2 36. Rf2 Re1+ 37. Kg2 d4 38. Rd3 Rd7 39. Rfd2 Rb1 40.
Rxd4 Rxd4 41. Rxd4 Rxb5 42. Rd8+ Kg7 43. Rd7+ Kf6 44.
Rxa7 h5 45. Kh3 Rb2 46. Ra6+ Kf5 47. Ra5+ Kf6 48. Ra1 Rc2 49. Rg1 Rb2 50. Rg2 Rb3 51. Kh4 Rb4 52. Rf2 Kf5 53. Kh3 Rb3 54. Rg2 Re3 55. Kh4 Rb3 56. h3 Kf6 57. Rf2 Rb4 58. g4 hxg4 59. hxg4 Rb1 60. Kg3 Rb3+ 61. Rf3 Rb4 62.
Kh4 Ra4 63. Rf2 Ra3 64. f5 g5+ 65. Kh5 Rh3# 0-1

[Event "Late-Titled-Tuesday-Blitz-October-10-2023"]
[Site "Chess.com"]
[Date "2023.10.10"]
[Round "10"]
[White "Hirna2005"]
[Black "acertijo08"]
[Result "1/2-1/2"]
[WhiteElo "2302"]
[BlackElo "2406"]
[TimeControl "180+1"]
[EndTime "15:51:56 PDT"]
[Termination "Game drawn by agreement"]

1. e4 c5 2. c3 Nf6 3. e5 Nd5 4. Nf3 e6 5. d4 cxd4 6. cxd4 b6 7. a3 d6 8. Bd2 dxe5 9. dxe5 Be7 10. Nc3 Bb7 11. Bb5+ Nd7 12. O-O O-O 13. Qe2 a6 14. Bd3 Nc5 15. Bc2 Rc8 16. Rfd1 Qc7 17. Rac1 Nxc3 18.
Bxc3 Rfd8 19. Bd4 Qb8 20. b4 Nd7 21. Qd3 Nf8 22. Qe3 b5 23. Ng5 Ng6 24. h4 Rxc2 25. Rxc2 Nxh4 26. Ne4 Nf5 27. Qc3 Bxe4 28. Rcd2 Qa8 29. f3 Bd5 30. Bb6 Rc8 31. Qd3 Bg5 32.
Rc2 Rxc2 33. Qxc2 h6 34. Qc7 Qb7 35. Qxb7 Bxb7 36. Rd7 Bd5 37. Ra7 Ne3 38. Rxa6 Nc4 39. Bc5 Bf4 40. a4 Bxe5 41. axb5 Bf4 42. Ra1 Bc7 43. Ra7 Bb6 44. Bxb6 Nxb6 45. Rc7 Kf8 46. Kf2 Ke8 47. Ke3 e5 48. Rc5 Kd7 49. Rc1 Kd6 50.
Ra1 f5 51. Ra6 f4+ 52. Kf2 Kc7 53. Ra7+ Bb7 54. Ke2 Nd5 55. Ra4 Kb6 56. Kd3 Kxb5 57. Ra7 Kb6 58. Ra4 g5 59. Ke2 Bc6 60. Ra1 Nxb4 61.
Rh1 Bb5+ 62. Kf2 Kc5 63. Rxh6 Nd3+ 64. Kg1 Bc6 65. Rg6 e4 66. fxe4 Bxe4 67. Rxg5+ Kd4 68.
Rg7 Ke3 69. Rf7 f3 70. gxf3 Bxf3 71. Kh2 Be4 72. Kg3 Ne5 1/2-1/2

[Event "Late-Titled-Tuesday-Blitz-October-10-2023"]
[Site "Chess.com"]
[Date "2023.10.10"]
[Round "10"]
[White "KaydenTroffChess"]
[Black "Elsa167"]
[Result "0-1"]
[WhiteElo "2810"]
[BlackElo "2926"]
[TimeControl "180+1"]
[EndTime "15:51:57 PDT"]
[Termination "Elsa167 won by resignation"]

1. d4 Nf6 2. Nf3 g6 3. Bg5 Bg7 4. e3 O-O 5. Nbd2 d6 6. h4 h6 7.
Bxf6 Bxf6 8. h5 g5 9. Bd3 Nc6 10. c3 Bg7 11. Qe2 e5 12. O-O-O f5 13. dxe5 dxe5 14. g4 Kh8 15. gxf5 Bxf5 16. Bxf5 Rxf5 17. Ne4 Qg8 18. Kb1 a5 19. Rd7 a4 20. Rhd1 a3 21.
b3 Rc8 22. Nh2 Nb8 23. R7d2 Rcf8 24. Ng4 Qh7 25. Qd3 Nc6 26. Qc2 Qg8 27. Rd7 R5f7 28. Ng3 Rxd7 29. Rxd7 Qe6 30. Qd1 e4 31. Kc2 Nb4+ 32.
Kb1 Nd3 33. Rxd3 exd3 34. f3 Qd5 35. Ne4 Qf5 36. Nd2 Bxc3 37. Ne4 Bg7 38. Nd2 Qd7 39. Ne4 Qc6 40. Qd2 Qc2+ 41. Qxc2 dxc2+ 42. Kxc2 Rxf3 43.
Nef2 Rg3 44. Kd3 Rg1 45. Kc4 Ra1 46. b4 Rxa2 47. Kb3 Ra1 48. Ne4 Rg1 49. Ngf2 g4 50. Kxa3 g3 51. Nh3 Rh1 52. Nf4 Be5 53. Nxg3 Ra1+ 54.
Kb3 Bxf4 55. exf4 Kh7 56. Ne4 Rh1 57. Kc4 Kg7 58. Ng3 Rh3 59. Nf5+ Kh7 60. Kd4 Rxh5 61.
Ng3 Rh3 62. Ne4 Kg6 63. Ke5 Rh5+ 64. Kd4 c6 65. Nd6 Rd5+ 66. Ke4 Rxd6 67. f5+ Kf6 68. Kf4 Rd5 69. Ke4 Rxf5 70. Kd4 Rb5 71. Kc4 h5 72. Kb3 h4 73. Ka4 h3 74. Ka3 h2 75. Ka4 h1=Q 76. Kb3 Qb1+ 77. Kc3 Qxb4+ 0-1

[Event "Late-Titled-Tuesday-Blitz-October-10-2023"]
[Site "Chess.com"]
[Date "2023.10.10"]
[Round "10"]
[White "ExchangeAB"]
[Black "NelsonLinda"]
[Result "1-0"]
[WhiteElo "2507"]
[BlackElo "2576"]
[TimeControl "180+1"]
[EndTime "15:51:57 PDT"]
[Termination "ExchangeAB won by resignation"]

1. d4 Nf6 2. Nc3 d6 3. e4 g6 4.
Be2 Bg7 5. h4 e5 6. dxe5 dxe5 7.
Qxd8+ Kxd8 8. Bg5 c6 9. h5 h6 10. Be3 Nxh5 11. Bxh5 gxh5 12. Rxh5 Bg4 13. Rh1 h5 14. f3 Be6 15. O-O-O+ Kc7 16. Nh3 f6 17. Nf2 h4 18. Nd3 Nd7 19. f4 Rag8 20. f5 Bf7 21.
Rh2 Bh6 22. Bxh6 Rxh6 23. Rdh1 Rgh8 24. Kd2 Kd8 25. b3 Ke7 26. Ne1 Rh5 27. Nf3 Rg8 28. Ke3 Rg4 29. Rxh4 Rhxh4 30. Nxh4 Nc5 31. Rh3 b5 32. a3 a5 33. b4 axb4 34. axb4 Na6 35. Nf3 Rxg2 36. Ne1 Rg8 37. Nd3 Nb8 38. Nc5 Nd7 39. Nxd7 Kxd7 40. Ne2 Ke7 41. Rg3 Ra8 42. Kd2 Ra2 43. Rc3 Bc4 44. Nc1 Ra1 45. Rh3 Rb1 46.
Rh7+ Kd6 47. Rh6 Ke7 48. Rh7+ Ke8 49. Rc7 Rxb4 50. Rxc6 Kd7 51. Rxf6 Ke7 52. Rb6 Bf7 53. Ke3 Rc4 54. Rxb5 Rxc2 55. Nd3 Bc4 56. Rxe5+ Kf6 57. Re8 Rc3 58. Rd8 Bxd3 59. Rxd3 Rc1 60. Rd6+ Ke7 61.
Ra6 Rc5 62. Kf4 Rb5 63. f6+ Kf7 64. e5 Rb1 65. Ra7+ Kf8 66. Kf5 Rb6 67. Kg6 Rb8 68.
Rh7 Kg8 69. f7+ Kf8 70. Rh8+ Ke7 71. Rxb8 Ke6 1-0

[Event "Late-Titled-Tuesday-Blitz-October-10-2023"]
[Site "Chess.com"]
[Date "2023.10.10"]
[Round "10"]
[White "realmadridfc123"]
[Black "MalyDominator"]
[Result "0-1"]
[WhiteElo "2807"]
[BlackElo "2506"]
[TimeControl "180+1"]
[EndTime "15:51:59 PDT"]
[Termination "MalyDominator won by resignation"]

1. e4 c5 2. Nc3 Nc6 3. Nf3 d6 4. Bb5 Bd7 5. O-O g6 6. Bxc6 Bxc6 7. d4 Bg7 8. d5 Bd7 9. Bf4 Nf6 10. e5 dxe5 11. Bxe5 O-O 12. h3 Bf5 13. Re1 Rc8 14. a4 h5 15. Nh4 Qd7 16. a5 Rfd8 17. Qf3 Bxc2 18. d6 Re8 19. Rac1 Bb3 20. Bxf6 Bxf6 21. Ne4 Bxh4 22. Qxb3 exd6 23. Qd5 Re6 24. Red1 Qc6 25. Nxd6 Qxd5 26. Rxd5 Rd8 27. Rcd1 b6 28. g3 Bf6 29. a6 Bxb2 30. Nb5 Rxd5 31. Rxd5 Re1+ 32. Kg2 Ra1 33. Nc7 c4 34. Rd8+ Kg7 35. Rd7 c3 36.
Ne6+ Kf6 37. Nd4 Rxa6 38. Rc7 Ra1 39. Nc2 Rc1 40. Ne3 a5 41. Nd5+ Kg7 42. Nxb6 c2 43. Na4 Bf6 44. Kf3 Be5 45. Rc5 Bd4 46. Rc4 Bf6 47. Ke2 Ra1 48. Rxc2 Rxa4 49. Kf3 Rb4 50. Rc6 a4 51. Ra6 Rb3+ 52. Kf4 Ra3 53. g4 hxg4 54.
hxg4 Ra1 55. f3 a3 56. g5 Bb2 57. Rb6 Rc1 58. Ra6 Ra1 59. Rb6 Rh1 60. Ra6 Rd1 61. Kg4 Rd4+ 62. f4 Rd3 63. f5 gxf5+ 64. Kxf5 Rd1 65. Ra7 Rf1+ 66. Kg4 Ra1 67. Rb7 Bd4 68.
Rd7 a2 69. Rxd4 Rg1+ 0-1

[Event "Late-Titled-Tuesday-Blitz-October-10-2023"]
[Site "Chess.com"]
[Date "2023.10.10"]
[Round "10"]
[White "Cambek64"]
[Black "Grossboss19"]
[Result "1-0"]
[WhiteElo "2417"]
[BlackElo "2472"]
[TimeControl "180+1"]
[EndTime "15:52:00 PDT"]
[Termination "Cambek64 won by resignation"]

1. e4 c5 2. Nc3 Nc6 3. d3 g6 4. Be3 Bg7 5. Bxc5 Qa5 6. Be3 Bxc3+ 7. bxc3 Qxc3+ 8. Bd2 Qg7 9. Nf3 d6 10. Be2 Nf6 11.
O-O O-O 12. h3 e5 13. Nh2 d5 14. exd5 Nxd5 15. Bf3 Be6 16. Re1 h5 17. Bxd5 Bxd5 18.
Nf3 Bxf3 19. Qxf3 Rac8 20. Bc3 f6 21. Rab1 b6 22. Ba1 Kh7 23. Qe4 Rfd8 24. f4 Re8 25.
fxe5 Nxe5 26. Qa4 Qd7 27. Qb3 Qc6 28. Rbc1 Rc7 29. c4 Rd8 30. Bxe5 fxe5 31. Rxe5 Qd6 32. Rce1 Qxd3 33. Re7+ Rxe7 34. Rxe7+ Kg8 35. Rxa7 Qd1+ 36. Kh2 Qd6+ 37. Qg3 Qxg3+ 38. Kxg3 Rd3+ 39. Kh4 Rc3 40. Kg5 Rg3+ 41. Kf6 Rxg2 42. Rg7+ Kf8 43. Rxg6 Rxa2 44.
Ke5 Rc2 45. Kd5 Rb2 46. Rh6 Ke7 47. Rxh5 Rd2+ 48. Kc6 Rd6+ 49. Kb5 Rg6 50. Rd5 Rh6 51. Rd3 Rh4 52. Rd5 Ke6 53. Rd3 Ke7 54. Ra3 Kd6 55.
Ra6 Kc7 56. Ra7+ Kb8 57. Rg7 Rxh3 58. Kxb6 Rh6+ 59. Kb5 Kc8 60. c5 Kb8 61. c6 Kc8 62. Kb6 Rh8 63. Ra7 Kb8 64. c7+ Kc8 65. Ra8+ 1-0

[Event "Late-Titled-Tuesday-Blitz-October-10-2023"]
[Site "Chess.com"]
[Date "2023.10.10"]
[Round "10"]
[White "wild3000"]
[Black "Mariia89"]
[Result "1-0"]
[WhiteElo "2318"]
[BlackElo "2079"]
[TimeControl "180+1"]
[EndTime "15:52:00 PDT"]
[Termination "wild3000 won on time"]

1. a3 c5 2. e3 Nc6 3. Bb5 g6 4.
h4 h5 5. d4 cxd4 6. exd4 Bg7 7. d5 Ne5 8. Nc3 a6 9. Be2 d6 10. Nf3 Nxf3+ 11. Bxf3 Nf6 12. O-O Bg4 13. Bg5 Qd7 14. Re1 O-O 15. Bxg4 hxg4 16. Rb1 Rfe8 17. Ne4 Nh5 18. c4 Rac8 19. b3 Qf5 20. Ng3 Nxg3 21.
fxg3 Qd7 22. a4 Be5 23. Qd3 Kg7 24. Re4 f5 25. Rxe5 dxe5 26. Re1 Qd6 27. Qc3 Kf7 28. Rxe5 e6 29. Qd2 exd5 30. Rxd5 Qb6+ 31. Kh2 Rc7 32. b4 Qc6 33. c5 b6 34. Rd6 Qb7 35. Rxb6 Qe4 36.
Rd6 a5 37. Rf6+ Kg7 38. Qd6 Rc6 39. Rxg6+ Kh7 40. Rh6+ Kg8 41. Qd7 Re7 42. Bxe7 Rxh6 43. Bg5 Rh7 44. Qd8+ Kf7 45. Qf6+ Kg8 46. Qg6+ Rg7 47.
Qf6 Rf7 48. Qd8+ Rf8 49. Qxa5 Qe2 50. Qb5 Qe6 51. c6 Rf7 52. Qc5 Qc8 53. b5 f4 54.
Bxf4 Rf5 55. Qc4+ Kh7 56. Qe4 1-0

[Event "Late-Titled-Tuesday-Blitz-October-10-2023"]
[Site "Chess.com"]
[Date "2023.10.10"]
[Round "10"]
[White "sergoy"]
[Black "ozates"]
[Result "1-0"]
[WhiteElo "2973"]
[BlackElo "2781"]
[TimeControl "180+1"]
[EndTime "15:52:02 PDT"]
[Termination "sergoy won by resignation"]

1. d4 Nf6 2. c4 e6 3. Nf3 d5 4. Nc3 c5 5. e3 Nc6 6. cxd5 Nxd5 7. Bd3 Be7 8. O-O O-O 9. Qe2 b6 10. Rd1 cxd4 11. exd4 Bb7 12. h4 Rc8 13. h5 Bf6 14.
Qe4 g6 15. Bh6 Re8 16. Qg4 Nce7 17. Ne4 Nf5 18. Nxf6+ Nxf6 19. Qh3 Nxh6 20. hxg6 Nfg4 21. gxf7+ Kxf7 22. Ne5+ Nxe5 23. Qxh6 Nxd3 24. Qxh7+ Kf8 25. Rxd3 Rc7 26. Qh8+ Ke7 27. Qe5 Bd5 28. Rg3 Kd7 29. a4 Kc8 30. a5 b5 31. a6 Rg8 32. Re1 Rxg3 33. Qxg3 Qf8 34. f3 Qg7 35. Qf4 Rc2 36. g3 Qh7 37. g4 Qh3 38. Qf8+ Kd7 39. Qf7+ Kd8 40. Qf8+ Kd7 41. Qf7+ Kd8 42. Qf8+ Kc7 43.
Qe7+ Kb6 44. Qd8+ Rc7 45. Qd6+ Rc6 46. Qd8+ Rc7 47. Qd6+ Rc6 48. Qb8+ Ka5 49. Ra1+ Kb4 50. Qf8+ Kb3 51. Qf4 Qxf3 52. Ra3+ Kxb2 53. Rxf3 Bxf3 54. Qxf3 Rc1+ 55. Kg2 Rc2+ 56. Kg1 Rc1+ 57. Kg2 Rc2+ 58.
Kg3 Rc3 59. g5 b4 60. g6 b3 61. g7 Rxf3+ 62. Kxf3 Ka1 63. g8=Q b2 64. Qxe6 b1=Q 65. Qe5 Qd3+ 66. Kf4 Qxa6 67. d5+ Ka2 68. d6 Qf1+ 69.
Kg5 Qg2+ 70. Kf6 Qf3+ 71. Ke7 Qb7+ 72. d7 Qb4+ 73. Ke8 1-0

[Event "Late-Titled-Tuesday-Blitz-October-10-2023"]
[Site "Chess.com"]
[Date "2023.10.10"]
[Round "10"]
[White "DIMONBANAN"]
[Black "Atanejhad"]
[Result "1/2-1/2"]
[WhiteElo "2499"]
[BlackElo "2396"]
[TimeControl "180+1"]
[EndTime "15:52:21 PDT"]
[Termination "Game drawn by repetition"]

1. e4 e5 2. Nf3 Nc6 3. d4 exd4 4. Nxd4 Nf6 5. Nc3 Bb4 6. Nxc6 bxc6 7. Bd3 d5 8. exd5 cxd5 9. O-O O-O 10. Bg5 c6 11.
Qf3 Be6 12. Ne2 h6 13. Bxf6 Qxf6 14. Qxf6 gxf6 15. Nd4 c5 16. Nc6 Kg7 17. c3 Rfc8 18. Nxb4 cxb4 19. cxb4 f5 20. Rac1 Kf6 21. Ba6 Rg8 22.
Rc7 f4 23. g3 fxg3 24. fxg3+ Ke5 25. Kf2 h5 26. a4 h4 27. a5 hxg3+ 28. hxg3 Rg4 29.
b5 Rb4 30. Re1+ Kf6 31. Re2 d4 32. Rd2 Ke5 33. Bb7 Rh8 34. Bc6 Rh2+ 35. Ke1 Rxd2 36. Kxd2 Rxb2+ 37. Kc1 Ra2 38. Bf3 Rxa5 39. Rc5+ Kd6 40.
Rc6+ Kd7 41. b6 Ra1+ 42. Kd2 Ra2+ 43. Kc1 axb6 44. Rxb6 Rf2 45. Be4 Re2 46. Bf3 Re3 47.
Ba8 Rxg3 48. Kd2 Ke7 49. Rb4 d3 50. Be4 Kd6 51. Bxd3 Kc5 52. Ra4 Bd5 53. Ra5+ Kd4 54. Ra4+ Ke5 55. Ra7 Rg2+ 56. Ke3 Rg3+ 57. Ke2 Rh3 58. Ra6 Kd4 59. Ra4+ Kc3 60. Bf5 Rh2+ 61. Ke3 Rh5 62. Bd7 Re5+ 63. Kf4 Re7 64. Bf5 Bc4 65.
Ra8 Kd4 66. Rd8+ Bd5 67. Kg5 Re1 68. Kf6 Rf1 69. Kg5 Ke5 70. Re8+ Be6 71. Bxe6 fxe6 72. Kg4 Rf7 73. Kg3 Kd5 74. Ra8 e5 75.
Ra3 e4 76. Kg2 Kd4 77. Ra4+ Ke5 78. Ra5+ Kd4 79. Ra4+ Kd3 80. Ra3+ Kc2 81. Ra2+ Kd3 82. Ra3+ Kd4 83. Ra4+ 1/2-1/2

[Event "Late-Titled-Tuesday-Blitz-October-10-2023"]
[Site "Chess.com"]
[Date "2023.10.10"]
[Round "10"]
[White "HajiyevKanan"]
[Black "Qvalda"]
[Result "1-0"]
[WhiteElo "2551"]
[BlackElo "2388"]
[TimeControl "180+1"]
[EndTime "15:52:25 PDT"]
[Termination "HajiyevKanan won on time"]

1. d4 e6 2. Nf3 Nf6 3. c4 b6 4. a3 Bb7 5. Nc3 d5 6. cxd5 Nxd5 7. Bd2 Nf6 8. Qc2 c5 9. e3 Nc6 10. Bb5 a6 11. Ba4 b5 12. Nxb5 axb5 13. Bxb5 Qb6 14.
a4 Be7 15. dxc5 Qc7 16. O-O O-O 17. b4 Ne5 18. Nxe5 Qxe5 19. c6 Bc8 20. Be2 Ne4 21. b5 Nxd2 22. Qxd2 Bd8 23. a5 Bf6 24. b6 Rb8 25. c7 Ra8 26. a6 Qc5 27. Rab1 Bxa6 28. Bxa6 Rxa6 29. Rfc1 Qd6 30. c8=Q Qxd2 31. b7 Be5 32.
b8=Q Bxb8 33. Rxb8 Qd6 34. Qxf8+ Qxf8 35. Rxf8+ Kxf8 36.
g3 Ke7 37. Kg2 Kf6 38. Rf1 g6 39. h4 Kg7 40. Rd1 h6 41. Rd4 Ra5 42. Rc4 Rb5 43. Rc2 Rb4 44. Re2 h5 45. Kf3 Kf6 46. e4 Rb3+ 47.
Re3 Rb2 48. e5+ Kf5 49. Kg2 Rb5 50. Rf3+ Kxe5 51. Rxf7 Kd6 52. Rg7 Ke5 53. Rxg6 Kd6 54. Rg5 Rb2 55. Rxh5 Ke7 56. Rg5 Kf6 57. Rg4 e5 58.
Re4 Kf5 59. Re3 Rb1 60. Rf3+ Kg4 61. Re3 Kf5 62. Kf3 Rb2 63. g4+ Kf6 64. Kg3 Rb1 65. f3 Rg1+ 66. Kh2 Rf1 67. Kg2 Ra1 68. Rc3 Rb1 69. Rc6+ Kf7 70. h5 Rb2+ 71. Kg3 Rb1 72. g5 Rg1+ 73. Kh4 Rg2 74. Rc7+ Ke6 75. h6 Kf5 76.
Rf7+ Kg6 77. Rg7+ Kf5 78. h7 Kf4 79. Kh3 Rg3+ 80. Kh2 Rxf3 81. h8=Q Rf2+ 82. Kg1 1-0

[Event "Late-Titled-Tuesday-Blitz-October-10-2023"]
[Site "Chess.com"]
[Date "2023.10.10"]
[Round "10"]
[White "Dannyyi"]
[Black "GoltsevDmitry2000"]
[Result "1/2-1/2"]
[WhiteElo "2359"]
[BlackElo "2693"]
[TimeControl "180+1"]
[EndTime "15:52:28 PDT"]
[Termination "Game drawn by repetition"]

1. e4 e6 2. d4 d5 3. exd5 exd5 4. Bd3 Nf6 5. Nf3 c5 6. dxc5 Bxc5 7. O-O O-O 8. Nbd2 Nc6 9. Nb3 Bb6 10. h3 Qd6 11. c3 Re8 12. Bg5 h6 13. Bd2 Ne4 14. Nfd4 Ne5 15. Bc2 a6 16. Be3 Bc7 17. Bf4 g5 18.
Bh2 Bf5 19. f4 Nc4 20. Nxf5 Qg6 21. Qxd5 Nb6 22. Qxb7 Nd6 23. Nxd6 Qxd6 24. Rad1 Qe7 25. Qf3 Nc4 26. fxg5 Bxh2+ 27. Kxh2 Ne3 28. Rfe1 Qc7+ 29. Qg3 Qxg3+ 30. Kxg3 Nxc2 31. Rxe8+ Rxe8 32. gxh6 Ne3 33. Rc1 Nf5+ 34. Kf2 Nxh6 35. Nd4 Kg7 36. g4 Ng8 37. Re1 Rb8 38. b3 Nf6 39. Nf5+ Kg6 40. c4 Rd8 41.
Re2 Nh7 42. Kg3 Ng5 43. h4 Ne6 44. Ne7+ Kf6 45. Nd5+ Kg7 46. g5 Nd4 47. Rf2 Re8 48. Nf6 Re1 49. h5 Rg1+ 50. Kh4 Rh1+ 51. Kg4 Rg1+ 52.
Kf4 Ne6+ 53. Ke3 Rxg5 54. Ne4 Rxh5 55. Nd6 Rh3+ 56. Ke4 Ng5+ 57. Kd5 Kg6 58. c5 Rd3+ 59. Kc6 f6 60. Kb6 Rd5 61. Nc4 Rxc5 62. Rxf6+ Kxf6 63. Kxc5 Ne4+ 64. Kb6 Nc3 65. a4 Ne4 66. b4 Nc3 67. a5 Nd5+ 68. Kc5 Nc3 69. Nb6 Ke6 70. Na8 Kd7 71. Nb6+ Kc7 72. Nc4 Kb7 73. Nd6+ Ka7 74.
Kc6 Na2 75. Nc8+ Kb8 76. Nd6 Nxb4+ 77. Kb6 Ka8 78. Nc4 Nd5+ 79. Kc5 Nc3 80. Ne5 Kb7 81. Nc4 Ne4+ 82. Kd5 Nc3+ 83. Kc5 Ne4+ 84. Kd5 Nf6+ 85. Kd6 Ne4+ 86. Kd5 1/2-1/2

[Event "Late-Titled-Tuesday-Blitz-October-10-2023"]
[Site "Chess.com"]
[Date "2023.10.10"]
[Round "10"]
[White "Mackster23"]
[Black "Smiechu"]
[Result "1-0"]
[WhiteElo "2668"]
[BlackElo "2509"]
[TimeControl "180+1"]
[EndTime "15:53:11 PDT"]
[Termination "Mackster23 won by resignation"]

1. e4 c5 2. Nf3 g6 3. d4 cxd4 4. Nxd4 Nc6 5. c4 Nf6 6. Nc3 Nxd4 7. Qxd4 d6 8. Be3 Bg7 9. f3 O-O 10. Qd2 a5 11. Na4 Bd7 12. Nb6 Ra6 13. c5 dxc5 14.
Nxd7 Qxd7 15. Qxd7 Nxd7 16. Bxa6 bxa6 17. O-O-O Nb6 18. Rd3 Nc4 19. Bf4 Bxb2+ 20. Kc2 a4 21. Rd7 e6 22. Rb7 a3 23. Rb8 Rxb8 24. Bxb8 Ne3+ 25.
Kd3 Nxg2 26. Kc4 Bd4 27. Bd6 Ne3+ 28. Kb3 Kg7 29. Rc1 Kf6 30. Bxc5 e5 31. Bxa3 Kg5 32.
Bc5 Kf4 33. Bxd4 exd4 34. a4 Kxf3 35. e5 Ke4 36. a5 Kxe5 37. Rc6 f5 38. Rxa6 f4 39. Ra8 f3 40. Re8+ Kd6 41. a6 f2 42.
a7 f1=Q 43. a8=Q Qc4+ 44. Ka3 Qc3+ 45. Ka4 Qc4+ 46. Ka5 Qa2+ 47. Kb6 Qxa8 48. Rxa8 Ke5 49. Kc5 Ke4 50. Rd8 Nf5 51. Kc4 Kf4 52. Rh8 h5 53. Rg8 Kg5 54. Kd3 h4 55. Re8 Kg4 56. Re6 g5 57.
Re5 Ne3 58. Kxd4 Nf1 59. Re4+ Kh3 60. Re2 Nxh2 61. Ke4 g4 62. Kf4 g3 63. Ke3 g2 64. Kf2 Ng4+ 65. Kg1 Kg3 66. Rxg2+ Kf3 67. Ra2 Kg3 68. Ra3+ Kf4 69. Kg2 Ne3+ 70. Kh3 Nf5 71. Ra4+ Kg5 72. Ra5 Kf4 73. Ra4+ Kg5 74. Rg4+ Kh5 75.
Rg8 Kh6 76. Rf8 Kg5 77. Rg8+ Kf4 78. Rf8 Kg5 79. Rf7 Kf4 80. Ra7 Kg5 81. Ra4 Kh5 82.
Rg4 Kh6 83. Rg1 Kh5 84. Rg8 Kh6 85. Kg4 Ne3+ 86. Kxh4 Nf5+ 87. Kg4 Ne7 88. Rg5 Ng6 89. Rh5+ Kg7 90. Kf5 Nf8 91. Rg5+ Kf7 92. Rg1 Ne6 93.
Rc1 Ng7+ 94. Ke5 Kg6 95. Rg1+ Kf7 96. Rg4 Ne6 97. Rh4 Ng7 98. Rh6 Ne8 99. Rh7+ Kg6 100.
Re7 Ng7 101. Kf4 Nf5 102. Re6+ Kf7 103. Kxf5 1-0

[Event "Late-Titled-Tuesday-Blitz-October-10-2023"]
[Site "Chess.com"]
[Date "2023.10.10"]
[Round "11"]
[White "CraiggoryC"]
[Black "BardArtem"]
[Result "0-1"]
[WhiteElo "2291"]
[BlackElo "2746"]
[TimeControl "180+1"]
[EndTime "15:56:06 PDT"]
[Termination "BardArtem won by resignation"]

1. e4 d5 2. exd5 Qxd5 3. Nc3 Qe5+ 4. Be2 Bg4 5. d4 Bxe2 6. Ngxe2 Qa5 7. O-O Nf6 8. Bf4 Nc6 9. Qd3 O-O-O 10. Qc4 e6 11. a3 Qf5 12. b4 Bd6 13. Bxd6 Rxd6 14. Na4 Rhd8 15. c3 b5 16. Qc5 bxa4 0-1

[Event "Late-Titled-Tuesday-Blitz-October-10-2023"]
[Site "Chess.com"]
[Date "2023.10.10"]
[Round "11"]
[White "rdarruda"]
[Black "PapaieDudu"]
[Result "1-0"]
[WhiteElo "2489"]
[BlackElo "2369"]
[TimeControl "180+1"]
[EndTime "15:56:06 PDT"]
[Termination "rdarruda won by resignation"]

1. Nf3 d6 2. b3 e5 3. Bb2 c5 4. e3 Nc6 5. d4 cxd4 6. exd4 e4 7. Nfd2 d5 8. Be2 f5 9. O-O Nf6 10. c4 Be6 11. Nc3 Nxd4 12. Nxd5 Nxe2+ 13. Qxe2 Nxd5 14. cxd5 Qxd5 15. Rad1 Qd3 16. Qh5+ g6 17. Qh4 Rg8 18. Qf6 Qd7 19. Nxe4 Qf7 20. Qxf7+ Kxf7 21. Ng5+ Ke7 22. Rfe1 1-0

[Event "Late-Titled-Tuesday-Blitz-October-10-2023"]
[Site "Chess.com"]
[Date "2023.10.10"]
[Round "11"]
[White "OLDTERMINATOR"]
[Black "Elbebiber"]
[Result "0-1"]
[WhiteElo "1603"]
[BlackElo "2145"]
[TimeControl "180+1"]
[EndTime "15:56:23 PDT"]
[Termination "Elbebiber won by resignation"]

1. e4 d5 2. exd5 Nf6 3. d4 Nxd5 4. c4 Nb6 5. Nc3 e5 6. dxe5 Qxd1+ 7. Nxd1 Nc6 8. Bf4 Be6 9. b3 Bb4+ 10. Ke2 Nd4+ 11. Kd3 O-O-O 12. a3 Nxb3+ 13. Kc2 Nxa1+ 14. Kb2 Rxd1 0-1

[Event "Late-Titled-Tuesday-Blitz-October-10-2023"]
[Site "Chess.com"]
[Date "2023.10.10"]
[Round "11"]
[White "karwowskikacper"]
[Black "cassoulet"]
[Result "0-1"]
[WhiteElo "2540"]
[BlackElo "2751"]
[TimeControl "180+1"]
[EndTime "15:56:52 PDT"]
[Termination "cassoulet won by resignation"]

1. e4 c5 2. Nf3 e6 3. d4 cxd4 4.
Nxd4 Nf6 5. Nc3 Nc6 6. Ndb5 d6 7. Bf4 e5 8. Bg5 a6 9. Na3 b5 10. Nd5 Be7 11. Bxf6 Bxf6 12. c3 Bg5 13. Nc2 O-O 14.
h4 Bh6 15. g4 Bf4 16. Bg2 Rb8 17. Ncb4 Nxb4 18. cxb4 Be6 19. h5 Qg5 20. Nxf4 Qxf4 21. Bf3 Rbc8 22. Kf1 Rc4 23. a3 Rd4 0-1